 Dungeon Crawl Stone Soup version 0.20.1-1-g8b1a95d (webtiles) character file.

284 vatarom the Sneak (level 6, -1/32 HPs)
             Began as a Vine Stalker Assassin on Sept 14, 2017.
             Killed by nerve-wracking pain
             ... invoked by an orc priest
              (4 damage)
             ... on level 4 of the Dungeon.
             The game lasted 00:06:06 (2760 turns).

vatarom the Sneak (Vine Stalker Assassin)           Turns: 2760, Time: 00:06:06

Health: -1/32      AC:  5    Str: 14    XL:     6   Next: 29%
Magic:  0/7        EV: 12    Int: 13    God:
Gold:   199        SH:  0    Dex: 17    Spells: 5/5 levels left

rFire    . . .     SeeInvis .   a - +3 dagger
rCold    . . .     Gourm    .   (no shield)
rNeg     . . .     Faith    .   x - +1 animal skin
rPois    .         Spirit   +   (no helmet)
rElec    .         Reflect  .   d - +1 cloak
rCorr    .         Harm     .   (no gloves)
MR       .....                  (no boots)
Stlth    +++.......             w - amulet of regeneration
Regen    0.9/turn               u - +2 ring of intelligence
MPRegen  0.1/turn               (no ring)

@: hasted, very quick
A: fangs 2, regeneration 1, magic shield, antimagic bite, no potion heal 3, rot
immunity
a: no special abilities


You were on level 4 of the Dungeon.
You were not hungry.

You visited 1 branch of the dungeon, and saw 4 of its levels.

You collected 199 gold pieces.

Inventory:

Hand Weapons
 a - a +3 dagger (weapon)
 b - a +0 blowgun
Missiles
 e - 8 poisoned needles
 f - 2 curare-tipped needles
 l - 7 tomahawks (quivered)
 t - 3 throwing nets
Armour
 d - a +1 cloak (worn)
 r - a +3 scale mail of positive energy
 x - a +1 animal skin (worn)
Jewellery
 u - a +2 ring of intelligence (left hand)
 w - an amulet of regeneration (around neck)
Scrolls
 c - a scroll of identify
 i - 2 scrolls of enchant armour
 j - 2 scrolls of amnesia
 m - a scroll of recharging
 o - 4 scrolls of teleportation
 p - 2 scrolls of remove curse
Potions
 s - a potion of resistance {unknown}
 v - a potion of invisibility {unknown}
 z - a potion of cancellation {unknown}
 A - 2 potions of curing {unknown}
 B - a potion of mutation {unknown}
Comestibles
 g - 2 bread rations
 k - 24 fruits
 n - 3 meat rations
 q - 2 royal jellies
 C - 6 chunks of flesh


   Skills:
 + Level 3.1 Fighting
 * Level 4.1 Short Blades
 - Level 1.7 Throwing
 + Level 1.7 Dodging
 + Level 6.0 Stealth


You had 5 spell levels left.
You didn't know any spells.

Dungeon Overview and Level Annotations

Branches:
Dungeon (4/15)
 Temple: D:4-7

Altars:
Okawaru


Innate Abilities, Weirdness & Mutations

You have extremely sharp teeth.
Your natural rate of healing is unusually fast.
When hurt, damage is shared between your health and your magic reserves.
Your bite disrupts and absorbs the magic of your enemies.
Potions cannot restore your health.
You are immune to rotting.


Message History

The orc shouts!
You hit the iguana but do no damage. Your bite misses the iguana.
The iguana is severely wounded.
You hit the orc priest but do no damage.
You bite the orc priest. You drain its power.
You feel invigorated.
The orc priest is lightly wounded.
The iguana closely misses you.
You hit the iguana.
The iguana is almost dead.
The orc priest hits you with a club!
* * * LOW HITPOINT WARNING * * *
You barely miss the iguana. You bite the iguana. You drain its power.
You feel invigorated.
You kill the iguana!
You closely miss the orc priest.
You bite the orc priest, but do no damage.
The orc priest is lightly wounded.
The orc priest calls down the wrath of Beogh upon you.
Pain shoots through your body!
You die...

.#...### #.#.#####
...#...####.......# ##
####.#........###.# ####### #.
,,...#..#[##.####.# #.....# #.
*#####..<.......#.# #.###.#####.
,** ##...##.##.#.####........##.
,,#####.........#.#....#...##.##.
,,.........o...o.................
>,..........#.##@............#.##
,,#.#.#####.#.##.###.#'###.#...#.
,,#,#)......#.##.#.#..........##.
,,,,#######...##...#......###.##.
,,,** #...####.##.....# #.##.
,,,* #...#..#.##.....# #.##. ,,,*
##..#..#.##.....# #.##. ,,,*
##.............# #.... ,,,*
#......##.....# ####.


You could see an orc priest and an orc.

Vanquished Creatures
  2 iguanas (D:4)
  Terence (D:3)
  Robin (D:4)
  6 gnolls
  A howler monkey skeleton (D:4)
  3 adders
  A shadow imp (D:4)
  An ooze (D:3)
  4 worms
  2 dart slugs (D:1)
  4 leopard geckos
  3 bats
  5 giant cockroaches
  11 goblins
  8 hobgoblins
  6 jackals (D:4)
  2 quokkas
  6 frilled lizards
  A jackal skeleton (D:4)
  4 kobolds (D:1)
  2 rats (D:3)
74 creatures vanquished.

Notes
Turn   | Place    | Note
-------+----------+-------------------------------------------
     0 | D:1      | vatarom the Vine Stalker Assassin began the quest for the Orb.
     0 | D:1      | Reached XP level 1. HP: 11/11 MP: 2/2
    71 | D:1      | Reached skill level 5 in Stealth
    71 | D:1      | Reached XP level 2. HP: 11/15 MP: 3/3
   548 | D:1      | Reached XP level 3. HP: 17/18 MP: 2/4
  1140 | D:2      | Reached skill level 1 in Dodging
  1140 | D:2      | Gained mutation: Your natural rate of healing is unusually fast. [Vine Stalker growth]
  1140 | D:2      | Reached XP level 4. HP: 16/23 MP: 5/5
  1695 | D:3      | Noticed Terence
  1699 | D:3      | Killed Terence
  1733 | D:3      | Found an iron altar of Okawaru.
  1749 | D:3      | Reached XP level 5. HP: 27/27 MP: 6/6
  2412 | D:4      | Noticed Robin
  2423 | D:4      | Killed Robin
  2668 | D:4      | Reached skill level 6 in Stealth
  2668 | D:4      | Reached XP level 6. HP: 21/32 MP: 4/7
  2760 | D:4      | Killed from afar by an orc priest

Skill      XL: |  1  2  3  4  5  6 |
---------------+-------------------+-----
Short Blades   | 2 3 4 |  4.1
Stealth        | 5 6 |  6.0
Fighting       | 2 3 |  3.1
Dodging        | 1 |  1.7
Throwing       | |  1.7

Action                   |  1- 3 |  4- 6 || total
-------------------------+-------+-------++-------
Melee: Dagger            |    66 |   135 ||   201
       Bite              |    18 |    38 ||    56
 Fire: Blowgun           |     6 |     7 ||    13
Throw: Tomahawk          |     6 |       ||     6
  Use: Potion            |     3 |     2 ||     5
       Scroll            |     2 |     7 ||     9
 Stab: Sleeping          |     8 |    11 ||    19
  Eat: Chunk             |       |     5 ||     5
       Fruit             |       |     1 ||     1
Armor: Robe              |     9 |     7 ||    16
       Animal skin       |       |    12 ||    12
Dodge: Dodged            |    31 |    53 ||    84
